 Dungeon Crawl Stone Soup version 0.27.1-2-g3b301248ec (webtiles) character file.

Game seed: 4160328873004171527

11683 ABBCCCDDDD the Carver (level 11, 0/82 HPs)
             Began as an Octopode Abyssal Knight on Sept 28, 2021.
             Was an Elder of Lugonu.
             Shot with an arrow by a centaur (8 damage)
             ... on level 12 of the Dungeon.
             The game lasted 00:27:17 (18899 turns).

ABBCCCDDDD the Carver (Octopode Abyssal Knight)    Turns: 18899, Time: 00:27:17

Health: 0/82       AC:  5    Str: 15 (17) XL:     11   Next: 81%
Magic:  12/12      EV: 14    Int: 15 (17) God:    Lugonu [****..]
Gold:   577        SH:  5    Dex: 16 (19) Spells: 9/14 levels left

rFire    + . .     SeeInvis .   g - +1 scimitar (vamp)
rCold    . . .     Faith    .   E - +0 buckler
rNeg     + . .     Spirit   .   (helmet restricted)
rPois    .         Reflect  .   e - amulet of the acrobat
rElec    .         Harm     .   k - +6 ring of strength
rCorr    .         Rampage  .   t - +4 ring of protection
Will     +....                  z - ring of protection from fire
Stlth    +++++.....             G - ring of positive energy
HPRegen  0.23/turn              D - +6 ring of dexterity
MPRegen  0.13/turn              (no ring)
                                (no ring)
                                (no ring)

@: no status effects
A: almost no armour, amphibious, 8 rings, camouflage 2, gelatinous body 1,
(nimble swimmer 1), tentacles, low mp 1, strong-willed 1
a: Renounce Religion, Depart the Abyss, Bend Space, Banish, Corrupt


You were on level 12 of the Dungeon.
You worshipped Lugonu.
Lugonu was greatly pleased with you.
You visited 1 branch of the dungeon, and saw 12 of its levels.
You visited the Abyss 1 time.

You collected 787 gold pieces.
You spent 210 gold pieces at shops.

Inventory:

Hand Weapons
 a - a +1 falchion
 g - a +1 vampiric scimitar (weapon)
Missiles
 l - 15 boomerangs (quivered)
 n - 3 datura-tipped darts
 r - 21 poisoned darts
 w - 5 atropa-tipped darts
 A - a throwing net
Armour
 m - a +0 kite shield
 E - a +0 buckler (worn)
Jewellery
 b - an amulet of faith
 e - an amulet of the acrobat (around mantle)
 f - a ring of ice
 k - a +6 ring of strength (left tentacle)
 o - an amulet of reflection
 t - a +4 ring of protection (right tentacle)
 z - a ring of protection from fire (on tentacle)
 D - a +6 ring of dexterity (on tentacle)
 G - a ring of positive energy (on tentacle)
Wands
 q - a wand of polymorph (5)
 x - a wand of flame (18)
 J - a wand of iceblast (7)
Scrolls
 c - 2 scrolls of fear
 h - a scroll of fog
 j - 2 scrolls of amnesia
 p - a scroll of summoning
 u - a scroll of silence
 y - a scroll of immolation
 B - a scroll of teleportation
 I - a scroll of blinking
Potions
 d - 3 potions of mutation
 i - a potion of brilliance
 s - 3 potions of flight
 v - a potion of magic


   Skills:
 + Level 10.3 Fighting
 - Level 11.0 Long Blades
 - Level 3.8 Dodging
 - Level 5.0 Stealth
 + Level 5.2 Shields
 - Level 2.0 Spellcasting
 - Level 4.0 Hexes
 + Level 2.6 Ice Magic
 - Level 2.0 Invocations
 + Level 6.8 Evocations


You had 9 spell levels left.
You knew the following spells:

 Your Spells              Type           Power      Damage    Failure   Level
a - Slow                  Hex            13%        N/A       6%          2
b - Ozocubu's Armour      Ice            9%         N/A       22%         3

Your spell library contained the following spells:

 Spells                   Type           Power      Damage    Failure   Level
 Corona                   Hex            14%        N/A       4%          1
 Confusing Touch          Hex            13%        N/A       13%         3
 Animate Skeleton         Necr           2%         N/A       22%         1
 Apportation              Tloc           2%         N/A       22%         1
 Summon Small Mammal      Summ           4%         N/A       22%         1
 Summon Guardian Golem    Hex/Summ       7%         N/A       28%         3
 Call Canine Familiar     Summ           1%         N/A       54%         3
 Vampiric Draining        Necr           0%         2d6       54%         3
 Summon Mana Viper        Hex/Summ       7%         N/A       95%         5
 Summon Forest            Summ/Tloc      0%         N/A       99%         5
 Shadow Creatures         Summ           N/A        N/A       100%        6
 Ozocubu's Refrigeration  Ice            4%         4d5       100%        7


Dungeon Overview and Level Annotations

Branches:
Dungeon (12/15)            Temple (0/1) D:5             Orc (0/2) D:9
   Lair: D:8-11

Altars:
Ashenzari
Dithmenos
Elyvilon
Fedhas
Hepliaklqana
Nemelex Xobeh
Sif Muna
Trog
Vehumet
Yredelemnul

Shops:
D:6 (   D:8 ((=

Annotations:
D:6 exclusion: downstairs, Pikel
D:7 Harold
D:8 2 transporters, Manslay's ghost, novice DsCj
D:11 exclusions: hydra and two-headed ogre


Innate Abilities, Weirdness & Mutations

You cannot wear most types of armour.
You are amphibious.
You can wear up to eight rings at the same time.
Your skin blends seamlessly with your surroundings (Stealth++).
Your rubbery body absorbs attacks. (AC +1, EV +1)
((You are camouflaged near water. (Stealth+)))
You have tentacles for arms and can constrict up to eight enemies at once.
Your magical capacity is low. (-10% MP)
You are strong-willed. (Will+)


Message History

The arrow hits your boulder beetle but does no damage.
The centaur shoots an arrow.
The arrow hits your boulder beetle!
Your gnoll closely misses the centaur.
Your boulder beetle bites the centaur!!
The centaur dies!
Lugonu accepts your kill.
The centaur shoots an arrow.
The arrow hits your boulder beetle but does no damage.
You swap places.
The centaur hits your gnoll.
The centaur kicks your gnoll but does no damage.
The centaur shoots an arrow.
The arrow hits your boulder beetle!
Your gnoll hits the centaur with a +0 flail!
The centaur dies!
Lugonu accepts your kill.
Your boulder beetle leaps!
The centaur shoots an arrow.
The arrow hits your gnoll!
Your gnoll dies!
Your gnoll's corpse dissolves into shadows!
A centaur comes into view. It is wielding a staff of death.
The centaur shoots an arrow.
The arrow completely misses you.
Your gnoll dissolves into shadows!
The centaur wields a +0 shortbow.
The centaur shoots an arrow.
The arrow hits you!
* * * LOW HITPOINT WARNING * * *
The centaur unwields a +0 shortbow.
The centaur closely misses you. The centaur kicks you.
* * * LOW HITPOINT WARNING * * *
Okay, then.
Okay, then.
Okay, then.
Okay, then.
You feel better.
The centaur shoots an arrow.
The arrow completely misses you. The centaur hits you.
* * * LOW HITPOINT WARNING * * *
The centaur kicks you.
* * * LOW HITPOINT WARNING * * *
Your boulder beetle bites the centaur!!
The centaur dies!
Lugonu accepts your kill.
The centaur shoots an arrow.
The arrow hits you!
You die...

.....#######......#######
.....# ######........
##'### ###.####### #..#
####...#S≈≈≈≈≈ ###.##
#....### ≈≈≈≈≈ .....####
#.#'#### ≈≈≈≈≈ >###...##≈
#......# ####
..>#.#..#≈≈#...B).### .§
.###.####≈≈#....@)cc# .#
..# #≈≈#.....)#......c
##.#.# #≈≈#.[....######..
...#.# #≈ #.###+## ######
# #. ## #. #§ #.
#####.##### #..........


You could see 2 centaurs and a friendly boulder beetle (summoned).

Levels and vault maps discovered:
D:1:      heliophobic_arrival_henge, layout_basic, minmay_heptomino_d4
D:2:      layout_rooms, basic_altar, dilly_ecumenical_altar_fadedgnrine,
          grunt_ministairs_4, columned_hall_lemuel
D:3:      layout_rooms, beargit_hepliaklqana_dungeon_heroes
D:4:      layout_gridville
D:5:      layout_loops_ring, nemelex_spade_bored_becter,
          gammafunk_temple_overflow_forgotten, minmay_temple_entry_overgrown
D:6:      layout_loops_cross, grunt_temple_overflow_open, serial_shops, shop
D:7:      cheibrodos_grave_circle, layout_cave_pods, uniq_pikel, uniq_menkaure,
          uniq_harold
D:8:      minmay_angry_zag, layout_cave_pools, trog_wizard,
          gammafunk_ghost_wrathful_warriors, serial_shops,
          nicolae_shop_overgrown_old_shop, nicolae_shop_statue_plus, shop,
          minmay_fractal_squares_diagonal_5
D:9:      layout_loops_corners, orc_0_dummy, chequers_serial_rivers_micro_c,
          nicolae_wand_duel
D:10:     layout_basic, serial_corexii_hall, corexii_hall_statues_x,
          chequers_hall_statues_corner_a, corexii_hall_statues_x,
          chequers_hall_statues_corner_a, uniq_fannar
D:11:     layout_basic, minmay_lair_entry_grove, minmay_unpleasant_kobolds
D:12:     layout_roguey, serial_shops, bzr_in_the_mist, serial_aquarium,
          aquarium_bridge_square [aquarium_subvault_bridge,
          aquarium_subvault_bridge, aquarium_subvault_wall,
          aquarium_subvault_bridge], aquarium_bridge_straight
          [aquarium_subvault_bridge, aquarium_subvault_window,
          aquarium_subvault_bridge, aquarium_subvault_wall], aquarium_window_2,
          aquarium_window_1, aquarium_view_2e, aquarium_balcony_3b,
          aquarium_pool_2, kennysheep_treasure_room

Notes
Turn   | Place    | Note
-------+----------+-------------------------------------------
     0 | Abyss:1  | ABBCCCDDDD the Octopode Abyssal Knight began the quest for
                  | the Orb.
     0 | Abyss:1  | Reached XP level 1. HP: 16/16 MP: 2/2
    65 | Abyss:1  | Noticed a starcursed mass
    65 | Abyss:1  | Noticed a ynoxinul
    73 | Abyss:1  | Noticed a blink frog
    77 | Abyss:1  | Noticed a balrug
   108 | Abyss:1  | Noticed a worldbinder
   764 | Abyss:1  | Noticed a chaos spawn
   765 | Abyss:1  | Noticed a raiju
   769 | D:1      | Escaped the Abyss
   848 | D:1      | Reached XP level 2. HP: 15/21 MP: 3/3
  1129 | D:1      | Reached * piety under Lugonu
  1398 | D:1      | Reached XP level 3. HP: 20/26 MP: 4/4
  2007 | D:1      | Reached skill level 3 in Long Blades
  2664 | D:2      | Found a basalt altar of Yredelemnul.
  2697 | D:2      | Reached XP level 4. HP: 33/33 MP: 5/5
  2712 | D:2      | Found a faded altar of an unknown god.
  2946 | D:3      | Noticed a black bear
  3786 | D:3      | Reached XP level 5. HP: 38/38 MP: 6/6
  3810 | D:3      | Reached ** piety under Lugonu
  3811 | D:3      | Reached skill level 4 in Long Blades
  4043 | D:3      | Found a hazy altar of Hepliaklqana.
  4044 | D:3      | Found a faded altar of an unknown god.
  4145 | D:4      | Reached skill level 5 in Fighting
  4406 | D:4      | Noticed a necrophage
  4424 | D:3      | Killed a necrophage
  4425 | D:3      | Reached XP level 6. HP: 23/45 MP: 7/7
  4942 | D:4      | Reached skill level 5 in Long Blades
  5666 | D:4      | Reached XP level 7. HP: 45/51 MP: 8/8
  6210 | D:5      | Entered Level 5 of the Dungeon
  6322 | D:5      | Found a staircase to the Ecumenical Temple.
  6794 | D:5      | Reached skill level 6 in Long Blades
  7182 | D:5      | Learned a level 2 spell: Slow
  7233 | D:5      | Found a sparkling altar of Nemelex Xobeh.
  7287 | D:5      | Found a white marble altar of Elyvilon.
  7287 | D:5      | Found a shadowy altar of Dithmenos.
  7414 | D:5      | Found a blossoming altar of Fedhas.
  7418 | D:5      | Reached XP level 8. HP: 57/58 MP: 9/9
  7538 | D:5      | Reached skill level 1 in Spellcasting
  7538 | D:5      | Reached skill level 1 in Hexes
  7980 | D:6      | Reached skill level 1 in Stealth
  8173 | D:6      | Reached *** piety under Lugonu
  8174 | D:6      | Reached skill level 1 in Evocations
  8263 | D:6      | Found Tiudaw's Antique Weapon Emporium.
  8366 | D:6      | Found a shimmering blue altar of Sif Muna.
  8367 | D:6      | Found a radiant altar of Vehumet.
  8372 | D:6      | Found a broken altar of Ashenzari.
  8585 | D:7      | Noticed a hellwing
  8695 | D:7      | Noticed Pikel
  8695 | D:7      | Noticed a hellwing
  9260 | D:7      | Reached skill level 7 in Long Blades
  9260 | D:7      | Reached XP level 9. HP: 56/64 MP: 12/12
  9550 | D:7      | Noticed Menkaure
 10243 | D:7      | HP: 1/64 [ice beast (14)]
 10245 | D:7      | Reached skill level 5 in Stealth
 10683 | D:7      | Reached skill level 8 in Long Blades
 10683 | D:7      | Reached skill level 5 in Evocations
 10717 | D:8      | Found Vybryhih's Jewellery Boutique.
 10907 | D:8      | Noticed a moth of wrath
 10912 | D:8      | Noticed Manslay's ghost (novice DsCj)
 10917 | D:8      | Noticed a troll
 10924 | D:8      | Found a bloodstained altar of Trog.
 10953 | D:8      | Found a transporter.
 10966 | D:8      | Found a transporter.
 10970 | D:8      | Noticed a two-headed ogre
 11229 | D:9      | Found a staircase to the Orcish Mines.
 11675 | D:7      | Gained mutation: Your skin blends seamlessly with your
                  | surroundings (Stealth++). [potion of mutation]
 11675 | D:7      | Gained mutation: Your magical capacity is low. (-10% MP)
                  | [potion of mutation]
 11675 | D:7      | Gained mutation: You are strong-willed. (Will+) [potion of
                  | mutation]
 12540 | D:7      | Killed Menkaure
 12541 | D:7      | Reached XP level 10. HP: 69/73 MP: 11/11
 12880 | D:7      | Reached skill level 10 in Fighting
 13002 | D:7      | Noticed Harold
 13690 | D:8      | Reached skill level 9 in Long Blades
 14098 | D:8      | Found Dur Vah's Antique Weapon Boutique.
 14118 | D:8      | Bought a runed scimitar for 210 gold pieces
 14126 | D:8      | Found Fyfeonkadu's Weapon Boutique.
 14150 | D:8      | Found a bloodstained altar of Trog.
 14151 | D:8      | Noticed a wizard
 14157 | D:8      | Killed a wizard
 14342 | D:8      | Reached skill level 10 in Long Blades
 15385 | D:9      | Reached skill level 1 in Shields
 15400 | D:9      | Reached XP level 11. HP: 51/81 MP: 12/12
 15408 | D:9      | Reached **** piety under Lugonu
 16549 | D:10     | Entered Level 10 of the Dungeon
 16777 | D:10     | Noticed Fannar
 16785 | D:10     | Killed Fannar
 17444 | D:10     | Reached skill level 11 in Long Blades
 17615 | D:10     | Learned a level 3 spell: Ozocubu's Armour
 17951 | D:11     | Reached skill level 1 in Ice Magic
 18043 | D:11     | Noticed a manticore
 18053 | D:11     | Killed a manticore
 18258 | D:11     | Noticed a four-headed hydra
 18433 | D:11     | Noticed a two-headed ogre
 18543 | D:12     | Noticed a boulder beetle
 18733 | D:12     | Reached skill level 5 in Shields
 18838 | D:12     | Noticed a sea snake
 18855 | D:12     | Noticed a sea snake
 18883 | D:12     | Killed a boulder beetle
 18899 | D:12     | Shot with an arrow by a centaur

Table legend: (Time is in decaauts)
 A = Elapsed time spent in this place.
 B = Non-inter-level travel time spent in this place.
 C = Inter-level travel time spent in this place.
 D = Time resting spent in this place.
 E = Time spent auto-exploring this place.
 F = Levels seen in this place.
 G = Mean time per level.
                   A        B        C        D        E       F      G
               +--------+--------+--------+--------+--------+-----+--------+
         Total |  18894 |  18180 |    714 |   7759 |   7036 |  13 | 1453.4 |
       Dungeon |  18125 |  17411 |    714 |   7159 |   7014 |  12 | 1510.4 |
         Abyss |    769 |    769 |      0 |    600 |     22 |   1 |  769.0 |
               +--------+--------+--------+--------+--------+-----+--------+

Top non-repeatable levels by time:
     D:7: 2987 daAuts
     D:6: 1996 daAuts
     D:4: 1983 daAuts
     D:9: 1791 daAuts
     D:3: 1712 daAuts
     D:8: 1631 daAuts
     D:1: 1565 daAuts
    D:10: 1534 daAuts
     D:5: 1328 daAuts
     D:2: 785 daAuts
 Abyss:1: 769 daAuts
    D:11: 627 daAuts
    D:12: 180 daAuts

Table legend:
 A = Kills in this place as a percentage of kills in entire the game.
 B = Kills by you in this place as a percentage of kills by you in the entire game.
 C = Kills by friends in this place as a percentage of kills by friends in the entire game.
 D = Other kills in this place as a percentage of other kills in the entire game.
 E = Experience gained in this place as a percentage of experience gained in the entire game.
 F = Experience gained in this place divided by the number of levels of this place that you have seen.
                   A       B       C       D       E      F
               +-------+-------+-------+-------+-------+----------------------
         Total | 100.0 | 100.0 | 100.0 |   N/A | 100.0 | 1288.4
       Dungeon | 100.0 | 100.0 | 100.0 |   N/A | 100.0 | 1395.8
               +-------+-------+-------+-------+-------+----------------------

Action                   |  1- 3 |  4- 6 |  7- 9 | 10-12 || total
-------------------------+-------+-------+-------+-------++-------
Melee: Falchion          |    85 |    86 |   297 |   102 ||   570
       Constrict         |    23 |    29 |    60 |    30 ||   142
       Tentacles         |    14 |    23 |    90 |   101 ||   228
       Scimitar          |       |       |       |   207 ||   207
Throw: Dart              |       |     3 |    18 |    22 ||    43
       Throwing net      |       |       |     1 |       ||     1
       Boomerang         |       |       |       |     6 ||     6
 Cast: Slow              |       |       |     6 |     1 ||     7
Invok: Depart the Abyss  |     1 |       |       |       ||     1
Evoke: Wand              |       |       |     7 |    10 ||    17
  Use: Scroll            |       |       |     9 |    14 ||    23
       Potion            |       |       |     8 |     8 ||    16
 Stab: Sleeping          |     5 |     6 |     9 |    10 ||    30
Armor: Skin              |     8 |     7 |   148 |    76 ||   239
Dodge: Dodged            |    58 |    63 |   287 |   224 ||   632
Block: Buckler           |       |       |       |    24 ||    24
       Rpst.: Falchion   |     9 |    14 |    63 |    28 ||   114
       Scimitar          |       |       |       |    33 ||    33

Vanquished Creatures
  A manticore (D:11)
  A komodo dragon (D:10)
  A hellwing (D:7)
  2 trolls
  3 shadows
  12 yaks
  3 wyverns
  A wraith (D:11)
  A basilisk (D:11)
  Menkaure (D:7)
  2 acid dragons
  A water moccasin (D:7)
  A black bear (D:8)
  2 orc warriors
  A sky beast (D:8)
  A necrophage (D:3)
  3 ice beasts
  4 lemures (D:7)
  2 centaurs
  An ogre (D:6)
  2 phantoms (D:5)
  3 kobold brigands
  A gnoll sergeant (D:8)
  6 bullfrogs
  2 scorpions
  8 killer bees
  11 wights
  A howler monkey (D:8)
  6 centaur zombies
  2 jellies
  7 centaur skeletons
  6 orc priests
  2 hounds
  A bullfrog skeleton (D:5)
  3 iguanas (D:5)
  6 orc wizards
  A killer bee zombie (D:7)
  A howler monkey zombie (D:5)
  6 adders
  11 gnolls
  A howler monkey skeleton (D:7)
  4 shadow imps
  An adder skeleton (D:4)
  3 dart slugs
  26 orcs
  3 ball pythons
  7 bats
  6 endoplasms
  4 giant cockroaches
  9 goblins
  13 hobgoblins
  2 quokkas (D:2)
  2 frilled lizards (D:1)
  26 kobolds
  8 rats
245 creatures vanquished.

Vanquished Creatures (collateral kills)
  A boulder beetle (D:12)
  Fannar (D:10)
  A wraith (D:10)
  4 centaurs (D:12)
  A gnoll shaman (D:4)
  A goblin (D:4)
9 creatures vanquished.

Vanquished Creatures (others)
  A wizard (D:8)
  5 plants
  10 withered plants (D:7)
16 creatures vanquished.

Grand Total: 270 creatures vanquished
